 Dungeon Crawl Stone Soup version 0.29.1-2-gbd0b4ee654 (webtiles) character file.

Game seed: 12635900156042137040

43 xian the Sneak (level 3, -1/26 HPs)
             Began as a Draconian Enchanter on Nov 19, 2022.
             Was a Follower of Kikubaaqudgha.
             Frozen to death by an endoplasm (4 damage)
             ... on level 2 of the Dungeon.
             The game lasted 00:05:35 (1587 turns).

xian the Sneak (Draconian Enchanter)                Turns: 1587, Time: 00:05:36

Health: -1/26      AC:  6    Str: 12    XL:     3   Next: 37%
Magic:  2/6        EV: 12    Int: 15    God:    Kikubaaqudgha [*.....]
Gold:   82         SH:  0    Dex: 11    Spells: 3/6 levels left

rFire   . . .      SeeInvis .   a - +1 dagger
rCold   . . .      Faith    .   (no shield)
rNeg    . . .      Spirit   .   (body armour unavailable)
rPois   .          Reflect  .   (helmet restricted)
rElec   .          Harm     .   f - +0 cloak
rCorr   .          Rampage  .   (no gloves)
Will    .....                   (no boots)
Stlth   ++........              (no amulet)
HPRegen 0.08/turn               (no ring)
MPRegen 0.10/turn               (no ring)

@: slowed, very slow
A: AC +5, unfitting armour, cold-blooded
a: Renounce Religion, Unearth Wretches


You were on level 2 of the Dungeon.
You worshipped Kikubaaqudgha.
Kikubaaqudgha was aware of your devotion.
You visited 1 branch of the dungeon, and saw 2 of its levels.

You collected 82 gold pieces.

Inventory:

Hand Weapons
 a - a +1 dagger (weapon)
Armour
 f - a +0 cloak (worn)
Scrolls
 d - a scroll of enchant armour {unknown}
Potions
 b - 2 potions of invisibility
 c - a potion of cancellation {unknown}
 e - a potion of might {unknown}


   Skills:
 + Level 1.5 Short Blades
 + Level 1.9 Dodging
 + Level 3.3 Stealth
 + Level 2.2 Spellcasting
 + Level 3.1 Hexes
 + Level 0.1 Ice Magic


You had 3 spell levels left.
You knew the following spells:

 Your Spells              Type           Power      Damage    Failure   Level
a - Ensorcelled Hibernat  Hex/Ice        12%        N/A       17%         2
b - Necrotise             Necr           4%         1d4       22%         1

Your spell library contained the following spells:

 Spells                   Type           Power      Damage    Failure   Level
 Confusing Touch          Hex            11%        N/A       19%         3
 Tukima's Dance           Hex            11%        N/A       19%         3
 Sublimation of Blood     Necr           1%         N/A       32%         2
 Dazzling Flash           Conj/Hex       12%        N/A       34%         3
 Vampiric Draining        Necr           1%         2d6       54%         3
 Anguish                  Hex/Necr       3%         N/A       75%         4
 Animate Dead             Necr           1%         N/A       91%         4
 Agony                    Necr           1%         N/A       99%         5


Dungeon Overview and Level Annotations

Branches:
Dungeon (2/15)

Altars:
Kikubaaqudgha


Innate Abilities, Weirdness & Mutations

Your plain brown scales are hard. (AC +5)
You cannot fit into any form of body armour.
You are cold-blooded and may be slowed by cold attacks.


Message History

The quokka misses you. The endoplasm closely misses you.
Unknown command.
You hit the quokka.
The quokka is heavily wounded.
The quokka bites you but does no damage.
The endoplasm barely misses you.
Unknown command.
You hit the quokka. You tail-slap the quokka.
You kill the quokka!
Kikubaaqudgha accepts your kill.
The endoplasm hits you but does no damage.
Unknown command.
Unknown command.
You hit the kobold.
The kobold is moderately wounded.
The endoplasm freezes you.
You are frozen.
You feel yourself slow down. The kobold barely misses you.
Unknown command.
You completely miss the kobold.
The kobold is moderately wounded.
The endoplasm misses you. The kobold hits you but does no damage.
Unknown command.
You miss the kobold.
You feel yourself speed up. The kobold closely misses you.
The endoplasm freezes you.
You are frozen.
* * * LOW HITPOINT WARNING * * *
You feel yourself slow down.
You closely miss the kobold. The kobold hits you but does no damage.
The endoplasm hits you.
* * * LOW HITPOINT WARNING * * *
The endoplasm misses you. The kobold hits you but does no damage.
You hit the endoplasm.
The endoplasm is moderately wounded.
The kobold closely misses you. The endoplasm freezes you.
You are frozen.
You die...
Kikubaaqudgha rasps: "You have failed me!
Welcome... death!"

#. ... #.#.. #. ...
.. #.###.# ...
##.....# .... ###<..#
# ..... #.....## #..
.........##.J.####...
!....)### #@#.#......
........###K#...# .#
......#..##.#..#...#
..............†..###
...#........#....#
#####........####.#
#........!...# ...
#.............# ...
#..!...?....#..# ...


You could see an endoplasm and a kobold.

Vanquished Creatures
  3 ball pythons
  4 bats (D:1)
  4 endoplasms
  6 giant cockroaches (D:1)
  7 goblins (D:1)
  3 hobgoblins
  4 quokkas
  3 kobolds (D:1)
  A rat (D:1)
35 creatures vanquished.

Notes
Turn   | Place    | Note
-------+----------+-------------------------------------------
     0 | D:1      | xian the Draconian Enchanter began the quest for the Orb.
     0 | D:1      | Reached XP level 1. HP: 14/14 MP: 3/3
   365 | D:1      | Reached XP level 2. HP: 15/20 MP: 5/5
   371 | D:1      | Learned a level 2 spell: Ensorcelled Hibernation
   738 | D:1      | Found a faded altar of an unknown god.
   774 | D:1      | Prayed at the altar of an unknown god.
   774 | D:1      | Became a worshipper of Kikubaaqudgha
   774 | D:1      | Reached * piety under Kikubaaqudgha
   774 | D:1      | Received a gift from Kikubaaqudgha
   793 | D:1      | Learned a level 1 spell: Necrotise
  1089 | D:1      | Reached XP level 3. HP: 22/26 MP: 6/6
  1587 | D:2      | Frozen to death by an endoplasm

Illustrated notes

Levels and vault maps discovered:
D:1:      shiori_arrival_oz, layout_loops_ring, nicolae_ecumenical_lake_church,
          hex_large, minmay_worlds_worst_comb
D:2:      layout_rooms, serial_shops, shop

Skill      XL: |  1  2 |
---------------+-------+-----
Hexes          | 3 |  3.1
Stealth        | 3 |  3.3
Short Blades   | |  1.5
Dodging        | |  1.9
Spellcasting   | |  2.2
Ice Magic      | |  0.1

Action                   || total
-------------------------++-------
Melee: Dagger            ||   112
       Tailslap          ||    12
       Punch             ||     1
 Cast: Ensorcelled Hiber ||     5
 Stab: Sleeping          ||     9
Armor: Skin              ||    44
Dodge: Dodged            ||    91
